General information
- name: BNet
- type: Ladder team game (AT/RT)
- host: Battle.net
- saver: TheOrcishHoard.
map: Battleground
- players: 8
- length: 38:24
- speed: Fast
- version: 1.26 W3XP
- replay type: Public
» download(191 KB)
Players
team 1 (loser)

»
FeeDMeAgain (
yellow | 46 APM | 486 actions | 10:27)
2 Dreadlord
1 Sleep
1 Vampiric Aura
» actions
| Assign group hotkey | 24 | |
| Basic commands | 9 | |
| Build / train | 24 | |
| Enter build submenu | 8 | |
| Enter hero's abilities submenu | 2 | |
| Right click | 178 | |
| Select / deselect | 111 | |
| Select group hotkey | 86 | |
| Use ability | 44 | |
486 total
» units
| Acolyte | 2 | |
| Ghoul | 9 | |
| Forest Troll Berserker | 1 | |
| Forest Troll Shadow Priest | 1 | |
13 total
» buildings
| Ziggurat | 4 | |
| Crypt | 1 | |
| Altar of Darkness | 1 | |
| Nerubian Tower | 1 | |
| Tomb of Relics | 1 | |
| Graveyard | 1 | |
| Halls of the Dead | 1 | |
| Spirit Tower | 2 | |
| Black Citadel | 1 | |
13 total
» build order
00:09 Ziggurat
00:11 Crypt
01:08 Altar of Darkness
01:20 Nerubian Tower
01:35 Ziggurat
02:21 Ziggurat
02:23 Tomb of Relics
04:34 Graveyard
04:37 Halls of the Dead
05:24 Ziggurat
06:30 Spirit Tower
07:34 Black Citadel
09:19 Spirit Tower
» items
| Rod of Necromancy | 2 | |
| Potion of Healing | 1 | |
3 total
DANGER.GROLLY (
purple | 80 APM | 2616 actions | 32:53)
7 Blademaster
3 Wind Walk
3 Critical Strike
1 Bladestorm
» actions
| Assign group hotkey | 50 | |
| Basic commands | 1 | |
| Build / train | 63 | |
| Enter build submenu | 27 | |
| Enter hero's abilities submenu | 7 | |
| Give item / drop item | 7 | |
| Right click | 1344 | |
| Select / deselect | 240 | |
| Select group hotkey | 668 | |
| Use ability | 209 | |
2616 total
» units
| Peon | 10 | |
| Wind Rider | 12 | |
| Troll Batrider | 5 | |
27 total
» upgrades
| Ranged Weapons | 1 | |
| Reinforced Defenses | 1 | |
| Liquid Fire | 1 | |
| Envenomed Spears | 1 | |
4 total
» buildings
| Altar of Storms | 1 | |
| Orc Burrow | 7 | |
| War Mill | 1 | |
| Voodoo Lounge | 1 | |
| Watch Tower | 27 | |
| Stronghold | 3 | |
| Fortress | 2 | |
| Beastiary | 2 | |
| Great Hall | 1 | |
45 total
» build order
00:07 Altar of Storms
00:21 Orc Burrow
00:38 War Mill
01:13 Voodoo Lounge
01:52 Watch Tower
02:15 Watch Tower
03:06 Stronghold
03:06 Stronghold
03:07 Stronghold
03:25 Watch Tower
03:29 Watch Tower
03:43 Watch Tower
03:56 Orc Burrow
04:14 Orc Burrow
04:45 Watch Tower
04:48 Watch Tower
05:43 Fortress
05:43 Fortress
06:01 Beastiary
06:29 Beastiary
07:15 Orc Burrow
09:44 Watch Tower
09:45 Watch Tower
09:46 Watch Tower
09:47 Watch Tower
09:48 Watch Tower
09:48 Watch Tower
11:38 Watch Tower
12:08 Watch Tower
12:39 Orc Burrow
15:08 Watch Tower
15:08 Watch Tower
15:10 Watch Tower
15:10 Watch Tower
15:18 Watch Tower
15:18 Watch Tower
15:19 Watch Tower
17:39 Orc Burrow
18:01 Orc Burrow
24:17 Great Hall
24:27 Watch Tower
24:27 Watch Tower
24:27 Watch Tower
24:28 Watch Tower
25:53 Watch Tower
» items
| Healing Salve | 4 | |
| Lesser Clarity Potion | 3 | |
| Staff of Teleportation | 1 | |
| Boots of Speed | 1 | |
| Orb of Lightning | 1 | |
| Potion of Lesser Invulnerability | 2 | |
| Scroll of Town Portal | 3 | |
15 total
chuchoelroto (
pink | 48 APM | 1016 actions | 21:19)
4 Archmage
2 Summon Water Elemental
2 Blizzard
4 Paladin
1 Holy Light
2 Divine Shield
1 Devotion Aura
» actions
| Assign group hotkey | 81 | |
| Basic commands | 44 | |
| Build / train | 77 | |
| Enter build submenu | 20 | |
| Enter hero's abilities submenu | 7 | |
| Give item / drop item | 2 | |
| Right click | 206 | |
| Select / deselect | 274 | |
| Select group hotkey | 211 | |
| Use ability | 94 | |
1016 total
» units
| Peasant | 7 | |
| Footman | 8 | |
| Priest | 9 | |
| Knight | 6 | |
| Siege Engine | 1 | |
| Sorceress | 7 | |
| Rifleman | 1 | |
| Mortar Team | 3 | |
42 total
» upgrades
| Defend | 1 | |
| Plating | 2 | |
| Lumber Harvesting | 1 | |
| Priest Training | 3 | |
| Barrage | 1 | |
| Animal War Training | 1 | |
| Gunpowder | 1 | |
| Fragmentation Shards | 1 | |
| Sorceress Training | 2 | |
| Swords | 2 | |
15 total
» buildings
| Farm | 12 | |
| Altar of Kings | 1 | |
| Barracks | 1 | |
| Lumber Mill | 1 | |
| Keep | 1 | |
| Arcane Vault | 1 | |
| Blacksmith | 1 | |
| Arcane Sanctum | 2 | |
| Castle | 1 | |
| Workshop | 1 | |
22 total
» build order
00:12 Farm
00:21 Altar of Kings
00:29 Barracks
00:56 Farm
01:38 Farm
02:06 Lumber Mill
02:39 Farm
04:02 Keep
04:07 Arcane Vault
04:31 Blacksmith
05:22 Farm
05:47 Farm
06:46 Arcane Sanctum
07:46 Castle
07:50 Arcane Sanctum
09:36 Workshop
11:18 Farm
12:06 Farm
14:45 Farm
14:48 Farm
19:51 Farm
19:52 Farm
» items
| Scroll of Regeneration | 3 | |
| Lesser Clarity Potion | 2 | |
| Potion of Healing | 2 | |
| Scroll of Town Portal | 1 | |
8 total
BMonYOURface (
green | 30 APM | 471 actions | 15:49)
4 Mountain King
2 Bash
2 Storm Bolt
» actions
| Assign group hotkey | 23 | |
| Build / train | 55 | |
| Enter build submenu | 14 | |
| Enter hero's abilities submenu | 4 | |
| Right click | 154 | |
| Select / deselect | 135 | |
| Select group hotkey | 61 | |
| Use ability | 25 | |
471 total
» units
| Peasant | 13 | |
| Footman | 3 | |
| Rifleman | 12 | |
| Priest | 10 | |
| Knight | 4 | |
42 total
» upgrades
| Gunpowder | 1 | |
| Long Rifles | 1 | |
| Priest Training | 1 | |
| Armor | 1 | |
4 total
» buildings
| Farm | 6 | |
| Altar of Kings | 1 | |
| Barracks | 1 | |
| Keep | 1 | |
| Arcane Vault | 1 | |
| Blacksmith | 1 | |
| Lumber Mill | 1 | |
| Arcane Sanctum | 1 | |
| Castle | 1 | |
14 total
» build order
00:50 Farm
01:18 Altar of Kings
01:34 Barracks
01:43 Farm
02:35 Farm
02:49 Keep
03:02 Arcane Vault
03:20 Blacksmith
04:02 Lumber Mill
05:03 Farm
05:47 Arcane Sanctum
06:53 Castle
07:11 Farm
07:55 Farm
» items
| Boots of Speed | 1 | |
| Periapt of Vitality | 1 | |
2 total
team 2 (winner)
msinada (
teal | 35 APM | 1167 actions | 32:53)
7 Paladin
3 Holy Light
1 Divine Shield
2 Devotion Aura
1 Resurrection
» actions
| Assign group hotkey | 15 | |
| Basic commands | 44 | |
| Build / train | 101 | |
| Enter build submenu | 17 | |
| Enter hero's abilities submenu | 7 | |
| Give item / drop item | 3 | |
| Remove unit from queue | 4 | |
| Right click | 350 | |
| Select / deselect | 207 | |
| Select group hotkey | 352 | |
| Use ability | 67 | |
1167 total
» units
| Peasant | 14 | |
| Rifleman | 48 | |
| Forest Troll Shadow Priest | 4 | |
66 total
» upgrades
| Gunpowder | 3 | |
| Armor | 3 | |
| Long Rifles | 1 | |
| Plating | 2 | |
| Swords | 1 | |
10 total
» buildings
| Farm | 14 | |
| Altar of Kings | 1 | |
| Barracks | 1 | |
| Blacksmith | 1 | |
| Arcane Vault | 1 | |
| Scout Tower | 2 | |
| Keep | 1 | |
| Arcane Tower | 2 | |
| Castle | 1 | |
24 total
» build order
00:51 Farm
00:54 Altar of Kings
01:05 Barracks
01:20 Blacksmith
01:30 Farm
02:00 Farm
02:30 Arcane Vault
02:38 Farm
03:53 Farm
04:33 Farm
05:16 Scout Tower
05:30 Keep
05:43 Scout Tower
05:46 Arcane Tower
06:15 Arcane Tower
08:39 Castle
10:34 Farm
10:36 Farm
10:37 Farm
10:39 Farm
10:39 Farm
10:40 Farm
14:21 Farm
15:37 Farm
» items
| Boots of Speed | 1 | |
| Potion of Lesser Invulnerability | 1 | |
| Scroll of Regeneration | 1 | |
| Staff of Sanctuary | 1 | |
| Scroll of Town Portal | 1 | |
| Orb of Lightning | 1 | |
| Healing Salve | 1 | |
7 total
TheOrcishHoard. (
blue | 96 APM | 3174 actions | 32:53)
7 Blademaster
3 Wind Walk
3 Critical Strike
1 Bladestorm
» actions
| Assign group hotkey | 97 | |
| Basic commands | 278 | |
| Build / train | 74 | |
| ESC pressed | 2 | |
| Enter build submenu | 33 | |
| Enter hero's abilities submenu | 8 | |
| Give item / drop item | 11 | |
| Remove unit from queue | 1 | |
| Right click | 1383 | |
| Select / deselect | 299 | |
| Select group hotkey | 824 | |
| Use ability | 164 | |
3174 total
» units
» upgrades
| Ranged Weapons | 3 | |
| Armor | 3 | |
| Reinforced Defenses | 1 | |
| Envenomed Spears | 1 | |
| Berserker Strength | 1 | |
| Spiked Barricades | 2 | |
| Pillage | 1 | |
12 total
» buildings
| Orc Burrow | 6 | |
| Altar of Storms | 1 | |
| Barracks | 1 | |
| Voodoo Lounge | 1 | |
| Stronghold | 2 | |
| War Mill | 1 | |
| Fortress | 3 | |
| Beastiary | 4 | |
| Watch Tower | 14 | |
33 total
» build order
00:12 Orc Burrow
00:37 Altar of Storms
00:52 Barracks
01:36 Orc Burrow
01:53 Voodoo Lounge
02:12 Orc Burrow
04:22 Stronghold
04:22 Stronghold
05:06 War Mill
05:56 Orc Burrow
06:05 Orc Burrow
07:49 Fortress
07:49 Fortress
07:49 Fortress
07:54 Beastiary
07:56 Beastiary
08:10 Watch Tower
08:11 Watch Tower
12:39 Watch Tower
12:40 Watch Tower
12:42 Watch Tower
12:43 Watch Tower
13:24 Orc Burrow
13:30 Watch Tower
13:39 Watch Tower
13:40 Watch Tower
14:36 Beastiary
14:40 Beastiary
15:52 Watch Tower
17:37 Watch Tower
17:38 Watch Tower
17:43 Watch Tower
17:48 Watch Tower
» items
| Healing Salve | 5 | |
| Periapt of Vitality | 1 | |
| Lesser Clarity Potion | 4 | |
| Boots of Speed | 1 | |
| Tiny Great Hall | 1 | |
| Scroll of Town Portal | 3 | |
| Staff of Teleportation | 1 | |
| Scroll of Regeneration | 1 | |
| Scroll of Healing | 1 | |
18 total

»
eatSHlTnDIEape (
orange | 44 APM | 1450 actions | 32:53)
5 Death Knight
3 Death Coil
2 Unholy Aura
4 Crypt Lord
2 Impale
2 Spiked Carapace
» actions
| Assign group hotkey | 28 | |
| Basic commands | 214 | |
| Build / train | 74 | |
| ESC pressed | 3 | |
| Enter build submenu | 28 | |
| Enter hero's abilities submenu | 9 | |
| Give item / drop item | 6 | |
| Right click | 354 | |
| Select / deselect | 282 | |
| Select group hotkey | 352 | |
| Use ability | 100 | |
1450 total
» units
| Acolyte | 11 | |
| Ghoul | 6 | |
| Crypt Fiend | 8 | |
| Frost Wyrm | 4 | |
| Gargoyle | 3 | |
32 total
» upgrades
| Web | 1 | |
| Creature Attack | 2 | |
| Creature Carapace | 1 | |
| Freezing Breath | 1 | |
5 total
» buildings
| Crypt | 1 | |
| Graveyard | 1 | |
| Ziggurat | 9 | |
| Altar of Darkness | 1 | |
| Tomb of Relics | 2 | |
| Nerubian Tower | 2 | |
| Halls of the Dead | 1 | |
| Spirit Tower | 4 | |
| Black Citadel | 3 | |
| Sacrificial Pit | 1 | |
| Boneyard | 2 | |
| Necropolis | 3 | |
30 total
» build order
00:23 Crypt
00:30 Graveyard
00:43 Ziggurat
01:02 Altar of Darkness
01:16 Tomb of Relics
01:40 Nerubian Tower
01:49 Ziggurat
03:45 Ziggurat
04:31 Halls of the Dead
06:45 Spirit Tower
08:13 Black Citadel
08:13 Black Citadel
08:36 Sacrificial Pit
10:46 Boneyard
11:04 Boneyard
12:21 Ziggurat
12:21 Ziggurat
15:55 Necropolis
18:55 Necropolis
19:29 Necropolis
19:55 Ziggurat
19:59 Ziggurat
20:52 Nerubian Tower
20:55 Spirit Tower
20:58 Ziggurat
22:00 Spirit Tower
22:09 Tomb of Relics
22:33 Ziggurat
28:14 Spirit Tower
» items
| Rod of Necromancy | 3 | |
| Dust of Appearance | 3 | |
| Periapt of Vitality | 1 | |
| Scroll of Town Portal | 2 | |
| Potion of Healing | 4 | |
| Potion of Mana | 1 | |
| Orb of Corruption | 2 | |
16 total
d5auto (
red | 32 APM | 900 actions | 27:55)
4 Death Knight
2 Death Coil
1 Unholy Aura
1 Death Pact
2 Lich
1 Frost Nova
1 Frost Armor
» actions
| Build / train | 66 | |
| Enter build submenu | 21 | |
| Enter hero's abilities submenu | 6 | |
| Give item / drop item | 2 | |
| Remove unit from queue | 3 | |
| Right click | 448 | |
| Select / deselect | 302 | |
| Use ability | 52 | |
900 total
» units
| Acolyte | 10 | |
| Ghoul | 4 | |
| Crypt Fiend | 11 | |
| Frost Wyrm | 4 | |
29 total
» upgrades
| Creature Attack | 3 | |
| Web | 1 | |
| Burrow | 1 | |
| Creature Carapace | 3 | |
| Freezing Breath | 1 | |
9 total
» buildings
| Ziggurat | 10 | |
| Altar of Darkness | 1 | |
| Crypt | 1 | |
| Tomb of Relics | 1 | |
| Nerubian Tower | 1 | |
| Graveyard | 1 | |
| Halls of the Dead | 1 | |
| Spirit Tower | 4 | |
| Black Citadel | 1 | |
| Sacrificial Pit | 1 | |
| Boneyard | 2 | |
24 total
» build order
01:03 Ziggurat
01:15 Altar of Darkness
01:20 Crypt
01:31 Tomb of Relics
02:40 Nerubian Tower
02:44 Ziggurat
02:54 Graveyard
03:03 Ziggurat
04:21 Halls of the Dead
05:04 Spirit Tower
05:08 Ziggurat
06:30 Ziggurat
06:33 Spirit Tower
10:27 Black Citadel
10:51 Spirit Tower
10:59 Sacrificial Pit
14:25 Boneyard
14:33 Boneyard
18:17 Ziggurat
18:20 Ziggurat
24:34 Ziggurat
24:56 Ziggurat
25:51 Spirit Tower
26:00 Ziggurat
» items
| Rod of Necromancy | 1 | |
| Potion of Healing | 5 | |
| Potion of Mana | 1 | |
| Orb of Corruption | 1 | |
| Scroll of Town Portal | 1 | |
| Sacrificial Skull | 1 | |
10 total
Chat log
(00:13 / Allies) eatSHlTnDIEape: FIEND TO AIR
(00:53 / All) eatSHlTnDIEape: did yall hear about jarod from subway?
(00:57 / All) eatSHlTnDIEape: he gonna be getting the 6 inch and the 8 inch....IN PRISON
(01:23 / All) eatSHlTnDIEape: along with yo mam
(01:32 / All) DANGER.GROLLY: oj #1
(02:08 / All) DANGER.GROLLY: new sw movies is 10/10
(02:24 / All) TheOrcishHoard.: I didn't like the scene where Han Solo died
(03:37 / Allies) eatSHlTnDIEape: stole my creep
(07:06 / Allies) TheOrcishHoard.: anyone want vampiric aura?
(07:17 / Allies) eatSHlTnDIEape: me
(07:38 / Allies) TheOrcishHoard.: there
(09:33 / All) FeeDMeAgain: let me help you
(09:48 / All) eatSHlTnDIEape: faggot ape
(09:52 / All) FeeDMeAgain: gg
(10:18 / All) DANGER.GROLLY: dont blame meyellow pink and green did nothing either
(10:34 / All) TheOrcishHoard.: why did that idiot leave
(10:39 / All) TheOrcishHoard.: oh
(10:40 / All) DANGER.GROLLY: nbody helped his bas
(10:40 / All) TheOrcishHoard.: he got rolled lawl
(10:56 / All) chuchoelroto: coz purple sucks
(11:00 / All) DANGER.GROLLY: lol
(11:03 / All) DANGER.GROLLY: they did nothing
(11:05 / All) DANGER.GROLLY: absolutely nohting
(11:07 / All) DANGER.GROLLY: and blame me
(11:26 / All) chuchoelroto: purple towered
(11:35 / All) chuchoelroto: his base and has 3 wyvs
(12:27 / All) TheOrcishHoard.: I always get good bm items vs shitty enemies
(12:32 / All) TheOrcishHoard.: when I go orc
(12:33 / All) TheOrcishHoard.: always
(14:13 / Allies) TheOrcishHoard.: wood?
(14:20 / Allies) TheOrcishHoard.: ty
(14:44 / All) DANGER.GROLLY: y would i help u fuckers now
(14:47 / All) DANGER.GROLLY: u did nothing to help yellow
(14:49 / All) DANGER.GROLLY: and bitched at me
(14:51 / All) DANGER.GROLLY: like niggers
(16:58 / All) chuchoelroto: no shit u nub
(17:16 / All) chuchoelroto: stop towers and make units u asshole purple
(18:05 / Allies) eatSHlTnDIEape: 1oo gold?
(18:36 / Allies) TheOrcishHoard.: wood me
(19:36 / All) chuchoelroto: see how bad purple sucks
(19:51 / All) TheOrcishHoard.: least he isn't 246-269 bad
(20:37 / All) TheOrcishHoard.: bad idea
(21:14 / All) DANGER.GROLLY: pink is such a baby
(21:15 / All) chuchoelroto: ggggg
(21:23 / All) TheOrcishHoard.: what an idiot
(21:54 / All) eatSHlTnDIEape: Raped
(21:59 / All) TheOrcishHoard.: yes you are
(22:45 / All) TheOrcishHoard.: get rid of that tank'
(23:17 / Allies) eatSHlTnDIEape: help
(23:23 / All) DANGER.GROLLY: now who got raped
(23:24 / All) DANGER.GROLLY: bitch
(23:47 / All) TheOrcishHoard.: Who's the rape victim now orange?
(23:48 / Allies) eatSHlTnDIEape: wtf
(23:50 / Allies) eatSHlTnDIEape: faggot
(23:52 / All) TheOrcishHoard.: RAPED
(24:04 / Allies) eatSHlTnDIEape: what your problem faggot
(24:09 / Allies) eatSHlTnDIEape: no control inreal life
(24:15 / Allies) eatSHlTnDIEape: this your only control
(24:27 / Allies) TheOrcishHoard.: speak for yourself
(24:31 / All) eatSHlTnDIEape: fagot blue tk
(24:36 / All) DANGER.GROLLY: mad
(24:36 / All) TheOrcishHoard.: Faggot orange takes it up the ass
(24:38 / All) TheOrcishHoard.: raped!
(24:46 / All) eatSHlTnDIEape: NO CONTROL IN REAL LIFE THIS IS HIS ONLY MEANS OF CONTROL
(24:56 / All) DANGER.GROLLY: mad
(24:57 / All) eatSHlTnDIEape: THAT OR HE IS A FAGOT AND TOOK OFFENSE AT THE WORD FAGGOT
(24:57 / All) TheOrcishHoard.: What do you do for a living orange?
(25:00 / All) eatSHlTnDIEape: FAGGOT APE NIGGER
(25:01 / All) TheOrcishHoard.: do you have a lot of control?
(25:13 / All) eatSHlTnDIEape: I LOAD YOUR MOMS FACE NIGGER
(25:18 / All) eatSHlTnDIEape: NIGGER FAGGOT APE
(25:30 / All) TheOrcishHoard.: Orange, I believe what you are doing right now, is called a "chimp out"
(25:32 / All) eatSHlTnDIEape: KILL THE FAGGOT NIGGER APE
(26:12 / All) eatSHlTnDIEape: KILL THE FAGGOT NIGGER APE
(26:23 / All) eatSHlTnDIEape: PROBABLY ONE OF OBAMAS MUSLIM BUDDIES
(26:27 / All) TheOrcishHoard.: You're the faggot nigger ape little bitch
(26:33 / All) TheOrcishHoard.: who I just raped
(26:34 / All) eatSHlTnDIEape: KILL THAT FAGGOT COMMIE NIGGER APE
(26:44 / All) eatSHlTnDIEape: TK AINT RAPE NIGGER
(26:50 / All) DANGER.GROLLY: oj mad
(26:53 / All) eatSHlTnDIEape: ITS A FAGGOT MOVE U MADE CUZ U ARE A FAGGOT APE
(27:06 / All) eatSHlTnDIEape: I MADE THIS ACC TO TK FAGGOT NIGGER APES LIKE U
(27:14 / All) TheOrcishHoard.: didn't work out very well did it?
(27:18 / All) TheOrcishHoard.: you got tked instead LOL!
(27:20 / All) eatSHlTnDIEape: FAGGOT NIGGER APE
(27:23 / All) DANGER.GROLLY: LOL
(27:26 / All) DANGER.GROLLY: MERRY XMAS OJ
(27:28 / All) DANGER.GROLLY: U NIGGER APE
(27:31 / All) eatSHlTnDIEape: FAGGOT NIGGER APES
(27:44 / All) eatSHlTnDIEape: FAGGOT NIGGER APES
(27:56 / All) TheOrcishHoard.: lol
(27:58 / All) eatSHlTnDIEape: HE TK EVERYONE
(28:01 / All) TheOrcishHoard.: Red left as soon as I attacked him
(28:30 / All) DANGER.GROLLY: oj was way paranoid over one bm
(28:35 / All) DANGER.GROLLY: coudlnt even get an expo up
(28:51 / All) DANGER.GROLLY: something other than rifles plz teal
(29:45 / All) TheOrcishHoard.: death pacting red units lawl
(30:06 / All) TheOrcishHoard.: Like that shit, orange, teal?
(31:35 / All) TheOrcishHoard.: watch this jake
(31:49 / All) TheOrcishHoard.: sacrificed his units lawl
(31:50 / All) eatSHlTnDIEape: JAKE YOUR FAGGOT APE BUDDIE
(31:55 / All) eatSHlTnDIEape: GO FUCK EACH OTHERS ASSHOLES
(32:04 / All) TheOrcishHoard.: lawl
(32:10 / All) DANGER.GROLLY: i am jake
(32:24 / All) eatSHlTnDIEape: FAGGOT APE BUTT BUDDIES
(32:34 / All) DANGER.GROLLY: i aint a faggot
(32:48 / All) TheOrcishHoard.: Orange you're the only faggot nigger here
(32:53 / All) DANGER.GROLLY: divine shield is really imba